Blues vs Jets
Created - April 8, 2019 at 19:01
Goals
|
| Blues |
0 |
1 |
1 |
2 |
| Jets |
2 |
3 |
1 |
6 |
|
Shots
|
| Blues |
2 |
16 |
5 |
23 |
| Jets |
12 |
16 |
9 |
37 |
|
1st period
1. Jets , Benoit Pouliot 32 (Corey Perry 32) at 7:56
2. Jets , Benoit Pouliot 33 (Corey Perry 33, Tyler Myers 23) at 14:41 (PP)
Penalties :
Yann Sauvé (STL) for Hooking (Minor) at 11:19, Ted Purcell (STL) for Hooking (Minor) at 14:26
2nd period
3. Jets , Corey Perry 29 (Benoit Pouliot 41, Derek Roy 22) at 10:43
4. Jets , Benoit Pouliot 34 (Corey Perry 34, Jonathan Bernier) at 11:19 (PP)
5. Jets , Lee Stempniak 5 (Jared Spurgeon 6, Derek Stepan 53) at 12:19
6. Blues , Ted Purcell 19 (Travis Zajac 23, Sergei Shirokov 33) at 16:43
Penalties :
Tomas Kundratek (Win) for Holding Stick (Minor) at 0:56, Travis Zajac (STL) for Hooking (Minor) at 11:05, Patrick Kaleta (STL) for Roughing (Minor) at 18:59
3rd period
7. Jets , Joe Colborne 13 (Jared Spurgeon 7) at 15:22
8. Blues , Nicklas Backstrom 36 (Jordan Eberle 31, Nick Leddy 18) at 19:14 (PP)
Penalties :
Tomas Kundratek (Win) for High sticking (Minor) at 11:17, Jordan Eberle (STL) for Holding (Minor) at 15:45, Tyler Myers (Win) for Hooking (Minor) at 18:56
Goalie Stats
Carey Price (STL), 15 saves from 19 shots - (0.789), L, 25-27-4, 31:19 minutes
Ray Emery (STL), 16 saves from 18 shots - (0.889), 28:41 minutes
Jonathan Bernier (Win), 21 saves from 23 shots - (0.913), W, 23-12-3, 60:00 minutes
Players Stats for Blues
Player Name G A P +/- PIM S H SB GA TA FO MP PP MP PK MP
------------------------------------------------------------------------------------
Alex Pietrangelo 0 0 0 0 0 5 1 2 0 1 0/0 25:36 1:59 4:24
Brandon Yip 0 0 0 -1 0 0 1 0 0 0 0/0 9:56 0:36 0:00
Bryce Lampman 0 0 0 -3 0 0 2 1 0 2 0/0 25:03 2:17 4:24
Cody Ceci 0 0 0 0 0 0 0 1 0 1 0/0 12:14 0:00 0:37
Filip Forsberg 0 0 0 -2 0 0 3 0 0 0 0/0 19:09 1:18 0:00
Jake Gardiner 0 0 0 -1 0 1 2 2 0 0 0/0 26:07 1:59 2:02
Jamie Benn 0 0 0 0 0 0 1 1 0 0 0/0 12:23 2:15 1:24
Jeff Skinner 0 0 0 -1 0 0 1 0 0 0 0/0 9:53 0:00 0:33
Jordan Eberle 0 1 1 -2 2 1 2 1 1 1 1/2 22:51 1:42 3:14
Maxim Lapierre 0 0 0 -1 0 2 0 1 0 0 1/6 10:41 0:00 1:13
Nick Leddy 0 1 1 0 0 1 1 1 0 0 0/0 13:57 2:17 0:00
Nicklas Backstrom 1 0 1 -2 0 2 0 0 0 1 12/26 19:54 1:45 0:14
Patrick Kaleta 0 0 0 0 2 1 1 0 0 0 1/1 10:32 0:23 1:31
Sam Gagner 0 0 0 0 0 1 0 0 0 0 0/5 11:13 1:58 0:44
Sergei Shirokov 0 1 1 0 0 1 4 0 0 0 0/1 15:22 1:58 0:00
Ted Purcell 1 0 1 0 2 4 1 1 0 1 0/1 13:22 0:00 0:00
Travis Zajac 0 1 1 0 2 4 4 1 0 1 8/18 18:14 0:53 3:59
Yann Sauvé 0 0 0 -2 2 0 0 2 1 1 0/0 17:02 0:00 1:25
Players Stats for Jets
Player Name G A P +/- PIM S H SB GA TA FO MP PP MP PK MP
------------------------------------------------------------------------------------
Benoit Pouliot 3 1 4 1 0 5 1 1 3 1 1/1 22:43 3:44 1:35
Corey Perry 1 3 4 1 0 5 5 0 1 0 2/2 23:11 3:44 2:04
Derek Roy 0 1 1 1 0 4 2 1 0 0 20/37 23:12 3:44 2:05
Derek Stepan 0 1 1 1 0 3 0 0 0 0 4/4 10:42 0:00 0:07
Eric Gelinas 0 0 0 1 0 1 0 1 0 1 0/0 19:44 2:03 1:41
Erik Haula 0 0 0 1 0 1 0 1 0 0 1/1 8:24 0:00 1:34
Jared Spurgeon 0 2 2 1 0 1 1 0 0 0 0/0 11:40 0:00 0:10
Joe Colborne 1 0 1 1 0 2 1 1 1 0 1/2 6:50 0:00 0:00
Kevin Hayes 0 0 0 1 0 0 1 0 0 0 0/0 6:50 0:00 0:00
Lee Stempniak 1 0 1 1 0 1 1 0 1 0 0/0 10:35 0:00 0:00
Marco Scandella 0 0 0 1 0 5 3 5 2 0 0/0 28:36 4:23 2:25
Marcus Johansson 0 0 0 0 0 2 1 1 0 0 1/1 17:22 2:42 0:11
Matt Cooke 0 0 0 1 0 1 0 0 0 0 0/0 10:35 0:00 0:00
Mike Richards 0 0 0 0 0 2 0 1 0 0 7/12 18:08 2:42 0:56
Nino Niederreiter 0 0 0 0 0 0 2 1 1 0 0/0 17:11 2:42 0:00
Oscar Klefbom 0 0 0 1 0 1 0 1 0 0 0/0 13:20 0:00 2:09
Tomas Kundratek 0 0 0 1 4 1 1 0 0 0 0/0 18:21 2:03 0:00
Tyler Myers 0 1 1 1 2 2 1 3 0 0 0/0 28:17 4:23 2:07
3 Stars
1 - Benoit Pouliot (Win)
2 - Corey Perry (Win)
3 - Joe Colborne (Win)
Power Play
Blues - 1 on 3 Attempt(s) - 33.33%
Jets - 2 on 5 Attempt(s) - 40.00%
Penalty Kill
Blues - 3 on 5 Attempt(s) - 60.00%
- Score 0 goal in Penalty Kill
Jets - 2 on 3 Attempt(s) - 66.67%
- Score 0 goal in Penalty Kill
Team Stat
Blues - Hits : 24 - Faceoff Wins : 23 - Blocked Shots : 14 - Penalty Minutes : 10
Jets - Hits : 20 - Faceoff Wins : 37 - Blocked Shots : 17 - Penalty Minutes : 6
Official
Referees : Unknown
Linesman : Unknown
Game Notes
Benoit Pouliot has scored a Hat Trick!
Ray Emery enters game at 11:19 of 2nd period
Finance
Level 1 -- Attendance: 5752 (95.87%) -- Ticket Income $523,432
Level 2 -- Attendance: 4835 (96.70%) -- Ticket Income $251,420
Level 3 -- Attendance: 1632 (81.60%) -- Ticket Income $62,016
Level 4 -- Attendance: 3553 (88.83%) -- Ticket Income $92,378
Luxury Box -- Attendance: 948 (94.80%) -- Ticket Income $155,472
Game was played at the MTS Center.
Total Attendance: 16720 (92.89%)
Total Ticket Income: $1,084,718
Other Income: $162,708
Total Income: $1,247,426
Blues
5 vs 5 Forward
Center Left Wing Right Wing Time % Phy DF OF
1 Nicklas Backstrom Filip Forsberg Jordan Eberle 40 1 2 2
2 Travis Zajac Ted Purcell Sergei Shirokov 30 1 2 2
3 Sam Gagner Jamie Benn Patrick Kaleta 20 1 2 2
4 Maxim Lapierre Jeff Skinner Brandon Yip 10 1 2 2
5 vs 5 Defense
Defense Defense Time % Phy DF OF
1 Alex Pietrangelo Jake Gardiner 40 1 2 2
2 Bryce Lampman Yann Sauvé 30 1 2 2
3 Nick Leddy Cody Ceci 20 1 2 2
4 Jake Gardiner Bryce Lampman 10 1 2 2
PowerPlay Forward
Center Left Wing Right Wing Time % Phy DF OF
1 Nicklas Backstrom Jamie Benn Jordan Eberle 60 1 2 2
2 Sam Gagner Filip Forsberg Sergei Shirokov 40 1 2 2
PowerPlay Defense
Defense Defense Time % Phy DF OF
1 Alex Pietrangelo Jake Gardiner 60 1 2 2
2 Nick Leddy Bryce Lampman 40 1 2 2
Penalty Kill 4 Players Forward
Center Wing Time % Phy DF OF
1 Travis Zajac Jordan Eberle 60 1 2 2
2 Maxim Lapierre Patrick Kaleta 40 1 2 2
Penalty Kill 4 Players Defense
Defense Defense Time % Phy DF OF
1 Alex Pietrangelo Bryce Lampman 60 1 2 2
2 Jake Gardiner Yann Sauvé 40 1 2 2
Penalty Kill - 3 Players Forward
Forward Time % Phy DF OF
1 Maxim Lapierre 60 1 2 2
2 Travis Zajac 40 1 2 2
Penalty Kill - 3 Players Defense
Defense Defense Time % Phy DF OF
1 Alex Pietrangelo Bryce Lampman 60 1 2 2
2 Jake Gardiner Yann Sauvé 40 1 2 2
4 vs 4 Forward
Center Wing Time % Phy DF OF
1 Nicklas Backstrom Ted Purcell 60 1 2 2
2 Travis Zajac Jordan Eberle 40 1 2 2
4 vs 4 Defense
Defense Defense Time % Phy DF OF
1 Alex Pietrangelo Bryce Lampman 60 1 2 2
2 Jake Gardiner Yann Sauvé 40 1 2 2
Last Minutes Offensive
Center Left Wing Right Wing Defense Defense
Nicklas Backstrom Filip Forsberg Jordan Eberle Alex Pietrangelo Jake Gardiner
Last Minutes Defensive
Center Left Wing Right Wing Defense Defense
Travis Zajac Ted Purcell Jordan Eberle Yann Sauvé Bryce Lampman
Goaltenders
Starting : Carey Price
Backup : Ray Emery
Extra Forwards
Normal : Sam Gagner, Brandon Yip, Patrick Kaleta - PP : Travis Zajac, Brandon Yip - PK : Patrick Kaleta
Extra Defensemen
Normal : Nick Leddy, Cody Ceci, Jake Gardiner - PP : Nick Leddy - PK : Cody Ceci, Jake Gardiner
Penalty Shots
Jeff Skinner, Ted Purcell, Jordan Eberle, Nicklas Backstrom, Jamie Benn
Scratches
David Perron (Severed Right Wrist Tendon Injury), Matthew Spiller (Healthy)
Jets
5 vs 5 Forward
Center Left Wing Right Wing Time % Phy DF OF
1 Derek Roy Benoit Pouliot Corey Perry 40 1 2 2
2 Mike Richards Marcus Johansson Nino Niederreiter 30 1 2 2
3 Derek Stepan Matt Cooke Lee Stempniak 20 1 2 2
4 Joe Colborne Erik Haula Kevin Hayes 10 1 2 2
5 vs 5 Defense
Defense Defense Time % Phy DF OF
1 Tyler Myers Marco Scandella 40 1 2 2
2 Eric Gelinas Tomas Kundratek 30 1 2 2
3 Jared Spurgeon Oscar Klefbom 20 1 2 2
4 Tyler Myers Marco Scandella 10 1 2 2
PowerPlay Forward
Center Left Wing Right Wing Time % Phy DF OF
1 Derek Roy Benoit Pouliot Corey Perry 60 1 2 2
2 Mike Richards Marcus Johansson Nino Niederreiter 40 1 2 2
PowerPlay Defense
Defense Defense Time % Phy DF OF
1 Tyler Myers Marco Scandella 60 1 2 2
2 Eric Gelinas Tomas Kundratek 40 1 2 2
Penalty Kill 4 Players Forward
Center Wing Time % Phy DF OF
1 Derek Roy Corey Perry 60 1 2 2
2 Benoit Pouliot Mike Richards 40 1 2 2
Penalty Kill 4 Players Defense
Defense Defense Time % Phy DF OF
1 Tyler Myers Marco Scandella 60 1 2 2
2 Eric Gelinas Tomas Kundratek 40 1 2 2
Penalty Kill - 3 Players Forward
Forward Time % Phy DF OF
1 Derek Roy 60 1 2 2
2 Corey Perry 40 1 2 2
Penalty Kill - 3 Players Defense
Defense Defense Time % Phy DF OF
1 Tyler Myers Marco Scandella 60 1 2 2
2 Eric Gelinas Tomas Kundratek 40 1 2 2
4 vs 4 Forward
Center Wing Time % Phy DF OF
1 Derek Roy Corey Perry 60 1 2 2
2 Benoit Pouliot Mike Richards 40 1 2 2
4 vs 4 Defense
Defense Defense Time % Phy DF OF
1 Tyler Myers Marco Scandella 60 1 2 2
2 Eric Gelinas Tomas Kundratek 40 1 2 2
Last Minutes Offensive
Center Left Wing Right Wing Defense Defense
Derek Roy Benoit Pouliot Corey Perry Tyler Myers Marco Scandella
Last Minutes Defensive
Center Left Wing Right Wing Defense Defense
Derek Roy Benoit Pouliot Corey Perry Tyler Myers Marco Scandella
Goaltenders
Starting : Jonathan Bernier
Backup : Kari Lehtonen
Extra Forwards
Normal : Derek Stepan, Matt Cooke, Erik Haula - PP : Derek Stepan, Matt Cooke - PK : Erik Haula
Extra Defensemen
Normal : Jared Spurgeon, Oscar Klefbom, Eric Gelinas - PP : Jared Spurgeon - PK : Oscar Klefbom, Eric Gelinas
Penalty Shots
Derek Roy, Corey Perry, Benoit Pouliot, Mike Richards, Derek Stepan
Scratches
Jacob Trouba (Sore Right Knee Injury)
% Time on Ice - Blues
Lines # - Real PCT - Wanted PCT - Time Play
Normal Forward
1 - 36% - 40% - 17:56
2 - 27% - 30% - 13:32
3 - 17% - 20% - 8:30
4 - 19% - 10% - 9:20
Normal Defense
1 - 39% - 40% - 19:00
2 - 34% - 30% - 16:52
3 - 22% - 20% - 10:54
4 - 5% - 10% - 2:32
PP Forward
1 - 54% - 60% - 2:18
2 - 46% - 40% - 1:58
PP Defense
1 - 46% - 60% - 1:59
2 - 54% - 40% - 2:17
PK Forward
1 - 81% - 60% - 5:13
2 - 19% - 40% - 1:13
PK Defense
1 - 68% - 60% - 4:24
2 - 32% - 40% - 2:02
PK3 Forward
1 - 0% - 60%
2 - 0% - 40%
PK3 Defense
1 - 0% - 60%
2 - 0% - 40%
44 Forward
1 - 0% - 60%
2 - 0% - 40%
44 Defense
1 - 0% - 60%
2 - 0% - 40%
Last Minute Offensive - 0:00
Last Minute Defensive - 0:00
Total
Forward - 60:00
Defense - 60:00
|
% Time on Ice - Jets
Lines # - Real PCT - Wanted PCT - Time Play
Normal Forward
1 - 35% - 40% - 17:23
2 - 29% - 30% - 14:30
3 - 21% - 20% - 10:35
4 - 14% - 10% - 6:50
Normal Defense
1 - 39% - 40% - 19:12
2 - 34% - 30% - 16:39
3 - 22% - 20% - 10:51
4 - 5% - 10% - 2:36
PP Forward
1 - 58% - 60% - 3:44
2 - 42% - 40% - 2:42
PP Defense
1 - 68% - 60% - 4:23
2 - 32% - 40% - 2:03
PK Forward
1 - 96% - 60% - 4:05
2 - 4% - 40% - 0:11
PK Defense
1 - 57% - 60% - 2:25
2 - 43% - 40% - 1:51
PK3 Forward
1 - 0% - 60%
2 - 0% - 40%
PK3 Defense
1 - 0% - 60%
2 - 0% - 40%
44 Forward
1 - 0% - 60%
2 - 0% - 40%
44 Defense
1 - 0% - 60%
2 - 0% - 40%
Last Minute Offensive - 0:00
Last Minute Defensive - 0:00
Total
Forward - 60:00
Defense - 60:00
|
Play-by-Play
1st period
0:01 of 1st period - Nicklas Backstrom wins face-off versus Derek Roy in neutral zone.
0:12 of 1st period - Snap shot by Jordan Eberle.
0:12 of 1st period - Shot Blocked by Marco Scandella.
0:14 of 1st period - Slapshot by Jake Gardiner.
0:14 of 1st period - Shot Misses the Net.
0:38 of 1st period - Slapshot by Marco Scandella.
0:38 of 1st period - Shot Blocked by Jake Gardiner.
1:00 of 1st period - Snap shot by Jamie Benn.
1:00 of 1st period - Shot Blocked by Tyler Myers.
1:30 of 1st period - Corey Perry is hit by Filip Forsberg and loses puck.
1:50 of 1st period - Icing by Corey Perry.
1:51 of 1st period - Mike Richards wins face-off versus Travis Zajac in Jets zone.
1:51 of 1st period - Mike Richards is hit by Sergei Shirokov.
2:05 of 1st period - Snap shot by Marcus Johansson.
2:05 of 1st period - Shot Blocked by Cody Ceci.
2:07 of 1st period - Slapshot by Tomas Kundratek.
2:07 of 1st period - Stopped by Carey Price without a rebound.
2:08 of 1st period - Derek Stepan wins face-off versus Nicklas Backstrom in Blues zone.
2:22 of 1st period - Icing by Lee Stempniak.
2:23 of 1st period - Derek Stepan wins face-off versus Sam Gagner in Jets zone.
3:04 of 1st period - Slapshot by Derek Stepan.
3:04 of 1st period - Stopped by Carey Price without a rebound.
3:05 of 1st period - Derek Roy wins face-off versus Travis Zajac in Blues zone.
3:19 of 1st period - Sergei Shirokov is hit by Corey Perry and loses puck.
3:32 of 1st period - Patrick Kaleta is hit by Nino Niederreiter and loses puck.
4:25 of 1st period - Snap shot by Jordan Eberle.
4:25 of 1st period - Shot Hit the Post.
5:28 of 1st period - Snap shot by Jeff Skinner.
5:28 of 1st period - Shot Blocked by Erik Haula.
6:04 of 1st period - Slapshot by Travis Zajac.
6:04 of 1st period - Stopped by Jonathan Bernier with a rebound.
7:26 of 1st period - Wrist shot by Alex Pietrangelo.
7:26 of 1st period - Shot Blocked by Tyler Myers.
7:32 of 1st period - Snap shot by Alex Pietrangelo.
7:32 of 1st period - Deflect By Travis Zajac.
7:32 of 1st period - Shot Misses the Net.
7:32 of 1st period - Puck is out of play.
7:33 of 1st period - Derek Roy wins face-off versus Nicklas Backstrom in Jets zone.
7:40 of 1st period - Slapshot by Derek Roy.
7:40 of 1st period - Stopped by Carey Price without a rebound.
7:41 of 1st period - Nicklas Backstrom wins face-off versus Derek Roy in Blues zone.
7:43 of 1st period - Icing by Jordan Eberle.
7:44 of 1st period - Nicklas Backstrom wins face-off versus Derek Roy in Blues zone.
7:56 of 1st period - Wrist shot by Corey Perry.
7:56 of 1st period - Deflect By Benoit Pouliot.
7:56 of 1st period - Goal by Benoit Pouliot - Blues : 0 - Jets : 1.
7:57 of 1st period - Derek Roy wins face-off versus Nicklas Backstrom in neutral zone.
9:51 of 1st period - Mike Richards is hit by Travis Zajac and loses puck.
9:59 of 1st period - Off-side.
10:00 of 1st period - Derek Roy wins face-off versus Ted Purcell in neutral zone.
10:14 of 1st period - Slapshot by Alex Pietrangelo.
10:14 of 1st period - Shot Misses the Net.
10:34 of 1st period - Off-side.
10:35 of 1st period - Jordan Eberle wins face-off versus Derek Roy in neutral zone.
11:02 of 1st period - Mike Richards is hit by Ted Purcell.
11:19 of 1st period - Minor Penalty to Yann Sauvé for Hooking.
11:20 of 1st period - Benoit Pouliot wins face-off versus Travis Zajac in Blues zone.
11:55 of 1st period - Icing by Nino Niederreiter.
11:56 of 1st period - Maxim Lapierre wins face-off versus Mike Richards in Jets zone.
12:03 of 1st period - Slapshot by Jake Gardiner.
12:03 of 1st period - Deflect By Patrick Kaleta.
12:03 of 1st period - Shot Misses the Net.
12:03 of 1st period - Puck is out of play.
12:04 of 1st period - Travis Zajac wins face-off versus Derek Roy in Jets zone.
12:09 of 1st period - Slapshot by Alex Pietrangelo.
12:09 of 1st period - Shot Misses the Net.
13:11 of 1st period - Marco Scandella is hit by Travis Zajac and loses puck.
13:19 of 1st period - Penalty to Yann Sauvé is over, Yann Sauvé is back on ice.
13:40 of 1st period - Cody Ceci is hit by Kevin Hayes and loses puck.
13:49 of 1st period - Eric Gelinas is hit by Jeff Skinner and loses puck.
14:00 of 1st period - Eric Gelinas is hit by Nick Leddy and loses puck.
14:15 of 1st period - Derek Stepan is hit by Sergei Shirokov and loses puck.
14:26 of 1st period - Minor Penalty to Ted Purcell for Hooking.
14:27 of 1st period - Travis Zajac wins face-off versus Derek Roy in Blues zone.
14:36 of 1st period - Travis Zajac is hit by Corey Perry and loses puck.
14:41 of 1st period - Wrist shot by Corey Perry.
14:41 of 1st period - Deflect By Benoit Pouliot.
14:41 of 1st period - Goal by Benoit Pouliot - Blues : 0 - Jets : 2.
14:42 of 1st period - Nicklas Backstrom wins face-off versus Derek Roy in neutral zone.
14:45 of 1st period - Marco Scandella is hit by Jordan Eberle and loses puck.
14:54 of 1st period - Snap shot by Corey Perry.
14:54 of 1st period - Stopped by Carey Price with a rebound.
14:56 of 1st period - Slapshot by Marco Scandella.
14:56 of 1st period - Stopped by Carey Price without a rebound.
14:57 of 1st period - Travis Zajac wins face-off versus Mike Richards in Blues zone.
15:01 of 1st period - Off-side.
15:02 of 1st period - Travis Zajac wins face-off versus Mike Richards in neutral zone.
15:07 of 1st period - Snap shot by Sergei Shirokov.
15:07 of 1st period - Shot Blocked by Mike Richards.
15:31 of 1st period - Snap shot by Derek Roy.
15:31 of 1st period - Stopped by Carey Price with a rebound.
15:33 of 1st period - Slapshot by Marco Scandella.
15:33 of 1st period - Stopped by Carey Price with a rebound.
15:53 of 1st period - Snap shot by Marco Scandella.
15:53 of 1st period - Deflect By Bryce Lampman.
15:53 of 1st period - Stopped by Carey Price without a rebound.
15:54 of 1st period - Derek Stepan wins face-off versus Maxim Lapierre in Blues zone.
16:07 of 1st period - Yann Sauvé is hit by Lee Stempniak and loses puck.
16:18 of 1st period - Matt Cooke is hit by Brandon Yip and loses puck.
16:43 of 1st period - Snap shot by Derek Stepan.
16:43 of 1st period - Shot Blocked by Maxim Lapierre.
16:51 of 1st period - Slapshot by Bryce Lampman.
16:51 of 1st period - Deflect By Jeff Skinner.
16:51 of 1st period - Shot Misses the Net.
16:51 of 1st period - Puck is out of play.
16:52 of 1st period - Derek Roy wins face-off versus Nicklas Backstrom in Jets zone.
16:52 of 1st period - Derek Roy is hit by Jake Gardiner.
17:47 of 1st period - Off-side.
17:48 of 1st period - Mike Richards wins face-off versus Sam Gagner in neutral zone.
17:53 of 1st period - Jamie Benn is hit by Tyler Myers and loses puck.
17:58 of 1st period - Wrist shot by Nino Niederreiter.
17:58 of 1st period - Deflect By Patrick Kaleta.
17:58 of 1st period - Shot Blocked by Nick Leddy.
17:58 of 1st period - Puck is out of play.
17:59 of 1st period - Derek Roy wins face-off versus Nicklas Backstrom in Blues zone.
18:16 of 1st period - Snap shot by Alex Pietrangelo.
18:16 of 1st period - Shot Blocked by Marco Scandella.
18:35 of 1st period - Wrist shot by Ted Purcell.
18:35 of 1st period - Shot Blocked by Nino Niederreiter.
18:37 of 1st period - Snap shot by Travis Zajac.
18:37 of 1st period - Stopped by Jonathan Bernier without a rebound.
18:38 of 1st period - Nicklas Backstrom wins face-off versus Joe Colborne in Jets zone.
19:28 of 1st period - Corey Perry is hit by Patrick Kaleta and loses puck.
19:52 of 1st period - Slapshot by Derek Stepan.
19:52 of 1st period - Stopped by Carey Price without a rebound.
19:53 of 1st period - Mike Richards wins face-off versus Maxim Lapierre in Blues zone.
19:54 of 1st period - Slapshot by Marcus Johansson.
19:54 of 1st period - Stopped by Carey Price with a rebound.
Goals for this period are 0 for Blues vs 2 for Jets.
Shots for this period are 2 for Blues vs 12 for Jets.
2nd period
0:01 of 2nd period - Nicklas Backstrom wins face-off versus Derek Roy in neutral zone.
0:06 of 2nd period - Slapshot by Jake Gardiner.
0:06 of 2nd period - Stopped by Jonathan Bernier with a rebound.
0:26 of 2nd period - Travis Zajac is hit by Nino Niederreiter and loses puck.
0:35 of 2nd period - Wrist shot by Ted Purcell.
0:35 of 2nd period - Stopped by Jonathan Bernier without a rebound.
0:36 of 2nd period - Mike Richards wins face-off versus Nicklas Backstrom in Jets zone.
0:56 of 2nd period - Minor Penalty to Tomas Kundratek for Holding Stick.
0:57 of 2nd period - Derek Roy wins face-off versus Nicklas Backstrom in Jets zone.
1:05 of 2nd period - Wrist shot by Nicklas Backstrom.
1:05 of 2nd period - Shot Misses the Net.
1:07 of 2nd period - Slapshot by Jake Gardiner.
1:07 of 2nd period - Shot Misses the Net.
1:09 of 2nd period - Slapshot by Alex Pietrangelo.
1:09 of 2nd period - Shot Blocked by Marco Scandella.
1:11 of 2nd period - Wrist shot by Alex Pietrangelo.
1:11 of 2nd period - Shot Misses the Net.
1:13 of 2nd period - Snap shot by Nicklas Backstrom.
1:13 of 2nd period - Shot Blocked by Derek Roy.
2:13 of 2nd period - Icing by Jake Gardiner.
2:14 of 2nd period - Erik Haula wins face-off versus Sam Gagner in Blues zone.
2:25 of 2nd period - Benoit Pouliot is hit by Sergei Shirokov and loses puck.
2:56 of 2nd period - Penalty to Tomas Kundratek is over, Tomas Kundratek is back on ice.
3:08 of 2nd period - Wrist shot by Matt Cooke.
3:08 of 2nd period - Deflect By Nick Leddy.
3:08 of 2nd period - Stopped by Carey Price with a rebound.
3:38 of 2nd period - Oscar Klefbom is hit by Jamie Benn and loses puck.
4:34 of 2nd period - Eric Gelinas is hit by Travis Zajac and loses puck.
4:53 of 2nd period - Nick Leddy is hit by Marcus Johansson.
5:15 of 2nd period - Snap shot by Lee Stempniak.
5:15 of 2nd period - Shot Blocked by Yann Sauvé.
5:29 of 2nd period - Snap shot by Corey Perry.
5:29 of 2nd period - Stopped by Carey Price without a rebound.
5:30 of 2nd period - Derek Roy wins face-off versus Maxim Lapierre in Blues zone.
5:31 of 2nd period - Snap shot by Benoit Pouliot.
5:31 of 2nd period - Shot Misses the Net.
6:08 of 2nd period - Jake Gardiner is hit by Joe Colborne.
6:12 of 2nd period - Snap shot by Joe Colborne.
6:12 of 2nd period - Deflect By Kevin Hayes.
6:12 of 2nd period - Shot Blocked by Alex Pietrangelo.
6:12 of 2nd period - Puck is out of play.
6:13 of 2nd period - Nicklas Backstrom wins face-off versus Derek Roy in Blues zone.
6:20 of 2nd period - Snap shot by Jordan Eberle.
6:20 of 2nd period - Shot Blocked by Benoit Pouliot.
6:23 of 2nd period - Icing by Corey Perry.
6:24 of 2nd period - Derek Roy wins face-off versus Nicklas Backstrom in Jets zone.
7:00 of 2nd period - Wrist shot by Ted Purcell.
7:00 of 2nd period - Stopped by Jonathan Bernier with a rebound.
7:02 of 2nd period - Slapshot by Alex Pietrangelo.
7:02 of 2nd period - Stopped by Jonathan Bernier with a rebound.
7:20 of 2nd period - Wrist shot by Patrick Kaleta.
7:20 of 2nd period - Stopped by Jonathan Bernier with a rebound.
7:50 of 2nd period - Snap shot by Maxim Lapierre.
7:50 of 2nd period - Stopped by Jonathan Bernier with a rebound.
7:52 of 2nd period - Snap shot by Nick Leddy.
7:52 of 2nd period - Stopped by Jonathan Bernier with a rebound.
7:54 of 2nd period - Wrist shot by Maxim Lapierre.
7:54 of 2nd period - Shot Misses the Net.
7:56 of 2nd period - Backhand shot by Maxim Lapierre.
7:56 of 2nd period - Stopped by Jonathan Bernier with a rebound.
8:10 of 2nd period - Marcus Johansson is hit by Sergei Shirokov and loses puck.
8:17 of 2nd period - Slapshot by Oscar Klefbom.
8:17 of 2nd period - Stopped by Carey Price without a rebound.
8:18 of 2nd period - Derek Roy wins face-off versus Nicklas Backstrom in Blues zone.
8:35 of 2nd period - Slapshot by Alex Pietrangelo.
8:35 of 2nd period - Stopped by Jonathan Bernier without a rebound.
8:36 of 2nd period - Travis Zajac wins face-off versus Mike Richards in Jets zone.
8:45 of 2nd period - Wrist shot by Travis Zajac.
8:45 of 2nd period - Deflect By Ted Purcell.
8:45 of 2nd period - Stopped by Jonathan Bernier without a rebound.
8:46 of 2nd period - Mike Richards wins face-off versus Sergei Shirokov in Jets zone.
8:54 of 2nd period - Marco Scandella is hit by Jake Gardiner and loses puck.
9:03 of 2nd period - Mike Richards is hit by Alex Pietrangelo and loses puck.
9:18 of 2nd period - Slapshot by Alex Pietrangelo.
9:18 of 2nd period - Shot Misses the Net.
9:26 of 2nd period - Snap shot by Travis Zajac.
9:26 of 2nd period - Stopped by Jonathan Bernier without a rebound.
9:27 of 2nd period - Derek Roy wins face-off versus Nicklas Backstrom in Jets zone.
9:32 of 2nd period - Slapshot by Eric Gelinas.
9:32 of 2nd period - Stopped by Carey Price without a rebound.
9:33 of 2nd period - Nicklas Backstrom wins face-off versus Derek Roy in Blues zone.
9:46 of 2nd period - Snap shot by Benoit Pouliot.
9:46 of 2nd period - Shot Blocked by Bryce Lampman.
9:48 of 2nd period - Slapshot by Tomas Kundratek.
9:48 of 2nd period - Deflect By Derek Roy.
9:48 of 2nd period - Stopped by Carey Price with a rebound.
10:11 of 2nd period - Slapshot by Benoit Pouliot.
10:11 of 2nd period - Shot Misses the Net.
10:19 of 2nd period - Jordan Eberle is hit by Benoit Pouliot.
10:37 of 2nd period - Nicklas Backstrom is hit by Derek Roy.
10:41 of 2nd period - Wrist shot by Benoit Pouliot.
10:41 of 2nd period - Shot Misses the Net.
10:43 of 2nd period - Wrist shot by Corey Perry.
10:43 of 2nd period - Goal by Corey Perry - Blues : 0 - Jets : 3.
10:44 of 2nd period - Mike Richards wins face-off versus Travis Zajac in neutral zone.
11:05 of 2nd period - Minor Penalty to Travis Zajac for Hooking.
11:06 of 2nd period - Patrick Kaleta wins face-off versus Derek Roy in Blues zone.
11:19 of 2nd period - Snap shot by Benoit Pouliot.
11:19 of 2nd period - Goal by Benoit Pouliot - Blues : 0 - Jets : 4.
11:19 of 2nd period - Ray Emery enters game.
11:20 of 2nd period - Derek Roy wins face-off versus Jordan Eberle in neutral zone.
12:11 of 2nd period - Snap shot by Derek Stepan.
12:11 of 2nd period - Stopped by Ray Emery with a rebound.
12:13 of 2nd period - Slapshot by Lee Stempniak.
12:13 of 2nd period - Shot Misses the Net.
12:15 of 2nd period - Wrist shot by Lee Stempniak.
12:15 of 2nd period - Shot Misses the Net.
12:17 of 2nd period - Slapshot by Jared Spurgeon.
12:17 of 2nd period - Stopped by Ray Emery with a rebound.
12:19 of 2nd period - Snap shot by Lee Stempniak.
12:19 of 2nd period - Goal by Lee Stempniak - Blues : 0 - Jets : 5.
12:20 of 2nd period - Derek Roy wins face-off versus Nicklas Backstrom in neutral zone.
12:34 of 2nd period - Slapshot by Benoit Pouliot.
12:34 of 2nd period - Stopped by Ray Emery without a rebound.
12:35 of 2nd period - Derek Roy wins face-off versus Sam Gagner in Blues zone.
13:00 of 2nd period - Nino Niederreiter is hit by Filip Forsberg and loses puck.
13:07 of 2nd period - Wrist shot by Nicklas Backstrom.
13:07 of 2nd period - Shot Hit the Post.
13:09 of 2nd period - Slapshot by Bryce Lampman.
13:09 of 2nd period - Shot Misses the Net.
13:11 of 2nd period - Wrist shot by Nicklas Backstrom.
13:11 of 2nd period - Shot Blocked by Marco Scandella.
13:13 of 2nd period - Slapshot by Bryce Lampman.
13:13 of 2nd period - Shot Blocked by Marco Scandella.
14:39 of 2nd period - Nick Leddy is hit by Tomas Kundratek and loses puck.
14:44 of 2nd period - Snap shot by Derek Roy.
14:44 of 2nd period - Stopped by Ray Emery with a rebound.
14:46 of 2nd period - Slapshot by Marco Scandella.
14:46 of 2nd period - Shot Blocked by Jamie Benn.
14:48 of 2nd period - Wrist shot by Corey Perry.
14:48 of 2nd period - Deflect By Derek Roy.
14:48 of 2nd period - Shot Misses the Net.
14:48 of 2nd period - Puck is out of play.
14:49 of 2nd period - Mike Richards wins face-off versus Nicklas Backstrom in Blues zone.
14:54 of 2nd period - Wrist shot by Nino Niederreiter.
14:54 of 2nd period - Shot Blocked by Jake Gardiner.
15:28 of 2nd period - Snap shot by Erik Haula.
15:28 of 2nd period - Stopped by Ray Emery without a rebound.
15:29 of 2nd period - Nicklas Backstrom wins face-off versus Mike Richards in Blues zone.
15:48 of 2nd period - Marcus Johansson is hit by Filip Forsberg and loses puck.
15:59 of 2nd period - Slapshot by Tyler Myers.
15:59 of 2nd period - Shot Misses the Net.
16:21 of 2nd period - Wrist shot by Nino Niederreiter.
16:21 of 2nd period - Shot Misses the Net.
16:23 of 2nd period - Slapshot by Tyler Myers.
16:23 of 2nd period - Deflect By Marcus Johansson.
16:23 of 2nd period - Stopped by Ray Emery with a rebound.
16:25 of 2nd period - Snap shot by Nino Niederreiter.
16:25 of 2nd period - Shot Blocked by Yann Sauvé.
16:27 of 2nd period - Slapshot by Marco Scandella.
16:27 of 2nd period - Shot Misses the Net.
16:29 of 2nd period - Slapshot by Tyler Myers.
16:29 of 2nd period - Stopped by Ray Emery without a rebound.
16:30 of 2nd period - Derek Roy wins face-off versus Travis Zajac in Blues zone.
16:31 of 2nd period - Slapshot by Benoit Pouliot.
16:31 of 2nd period - Shot Misses the Net.
16:41 of 2nd period - Wrist shot by Travis Zajac.
16:41 of 2nd period - Stopped by Jonathan Bernier with a rebound.
16:43 of 2nd period - Wrist shot by Ted Purcell.
16:43 of 2nd period - Goal by Ted Purcell - Blues : 1 - Jets : 5.
16:44 of 2nd period - Travis Zajac wins face-off versus Derek Roy in neutral zone.
16:47 of 2nd period - Slapshot by Alex Pietrangelo.
16:47 of 2nd period - Stopped by Jonathan Bernier with a rebound.
16:49 of 2nd period - Slapshot by Sergei Shirokov.
16:49 of 2nd period - Stopped by Jonathan Bernier without a rebound.
16:50 of 2nd period - Derek Roy wins face-off versus Travis Zajac in Jets zone.
16:57 of 2nd period - Snap shot by Benoit Pouliot.
16:57 of 2nd period - Shot Misses the Net.
17:19 of 2nd period - Slapshot by Alex Pietrangelo.
17:19 of 2nd period - Deflect By Tyler Myers.
17:19 of 2nd period - Stopped by Jonathan Bernier with a rebound.
17:49 of 2nd period - Slapshot by Alex Pietrangelo.
17:49 of 2nd period - Shot Blocked by Marcus Johansson.
18:07 of 2nd period - Snap shot by Brandon Yip.
18:07 of 2nd period - Shot Blocked by Eric Gelinas.
18:59 of 2nd period - Minor Penalty to Patrick Kaleta for Roughing.
19:00 of 2nd period - Travis Zajac wins face-off versus Derek Roy in Blues zone.
19:37 of 2nd period - Wrist shot by Mike Richards.
19:37 of 2nd period - Stopped by Ray Emery without a rebound.
19:38 of 2nd period - Derek Roy wins face-off versus Travis Zajac in Blues zone.
19:41 of 2nd period - Snap shot by Derek Roy.
19:41 of 2nd period - Shot Misses the Net.
Goals for this period are 1 for Blues vs 3 for Jets.
Shots for this period are 16 for Blues vs 16 for Jets.
3rd period
0:01 of 3rd period - Travis Zajac wins face-off versus Derek Roy in neutral zone.
0:48 of 3rd period - Off-side.
0:49 of 3rd period - Derek Roy wins face-off versus Maxim Lapierre in neutral zone.
0:59 of 3rd period - Penalty to Patrick Kaleta is over, Patrick Kaleta is back on ice.
2:00 of 3rd period - Wrist shot by Sam Gagner.
2:00 of 3rd period - Shot Misses the Net.
2:02 of 3rd period - Slapshot by Sam Gagner.
2:02 of 3rd period - Shot Misses the Net.
2:04 of 3rd period - Slapshot by Nick Leddy.
2:04 of 3rd period - Shot Blocked by Joe Colborne.
2:06 of 3rd period - Snap shot by Jamie Benn.
2:06 of 3rd period - Shot Misses the Net.
2:20 of 3rd period - Slapshot by Alex Pietrangelo.
2:20 of 3rd period - Deflect By Jordan Eberle.
2:20 of 3rd period - Stopped by Jonathan Bernier with a rebound.
2:34 of 3rd period - Wrist shot by Joe Colborne.
2:34 of 3rd period - Stopped by Ray Emery with a rebound.
2:58 of 3rd period - Slapshot by Jared Spurgeon.
2:58 of 3rd period - Shot Blocked by Travis Zajac.
4:09 of 3rd period - Snap shot by Maxim Lapierre.
4:09 of 3rd period - Shot Misses the Net.
4:11 of 3rd period - Backhand shot by Jeff Skinner.
4:11 of 3rd period - Shot Misses the Net.
4:45 of 3rd period - Snap shot by Tomas Kundratek.
4:45 of 3rd period - Deflect By Lee Stempniak.
4:45 of 3rd period - Shot Misses the Net.
4:45 of 3rd period - Puck is out of play.
4:46 of 3rd period - Derek Stepan wins face-off versus Nicklas Backstrom in Blues zone.
5:17 of 3rd period - Wrist shot by Corey Perry.
5:17 of 3rd period - Stopped by Ray Emery without a rebound.
5:18 of 3rd period - Derek Roy wins face-off versus Travis Zajac in Blues zone.
5:33 of 3rd period - Marco Scandella is hit by Travis Zajac and loses puck.
6:19 of 3rd period - Wrist shot by Marcus Johansson.
6:19 of 3rd period - Shot Misses the Net.
6:21 of 3rd period - Slapshot by Marcus Johansson.
6:21 of 3rd period - Shot Misses the Net.
6:23 of 3rd period - Wrist shot by Mike Richards.
6:23 of 3rd period - Stopped by Ray Emery with a rebound.
6:43 of 3rd period - Wrist shot by Travis Zajac.
6:43 of 3rd period - Shot Misses the Net.
6:45 of 3rd period - Wrist shot by Sergei Shirokov.
6:45 of 3rd period - Shot Misses the Net.
7:21 of 3rd period - Snap shot by Mike Richards.
7:21 of 3rd period - Shot Blocked by Alex Pietrangelo.
7:37 of 3rd period - Slapshot by Alex Pietrangelo.
7:37 of 3rd period - Shot Blocked by Oscar Klefbom.
7:39 of 3rd period - Wrist shot by Alex Pietrangelo.
7:39 of 3rd period - Stopped by Jonathan Bernier without a rebound.
7:40 of 3rd period - Nicklas Backstrom wins face-off versus Derek Roy in Jets zone.
8:07 of 3rd period - Derek Stepan is hit by Bryce Lampman.
8:11 of 3rd period - Yann Sauvé is hit by Jared Spurgeon.
8:33 of 3rd period - Wrist shot by Sam Gagner.
8:33 of 3rd period - Stopped by Jonathan Bernier with a rebound.
8:57 of 3rd period - Filip Forsberg is hit by Marco Scandella and loses puck.
9:43 of 3rd period - Slapshot by Jake Gardiner.
9:43 of 3rd period - Shot Blocked by Tyler Myers.
9:51 of 3rd period - Jake Gardiner is hit by Corey Perry and loses puck.
10:00 of 3rd period - Snap shot by Benoit Pouliot.
10:00 of 3rd period - Shot Misses the Net.
10:02 of 3rd period - Snap shot by Marco Scandella.
10:02 of 3rd period - Stopped by Ray Emery with a rebound.
10:22 of 3rd period - Wrist shot by Corey Perry.
10:22 of 3rd period - Stopped by Ray Emery with a rebound.
10:24 of 3rd period - Slapshot by Tyler Myers.
10:24 of 3rd period - Stopped by Ray Emery with a rebound.
10:26 of 3rd period - Slapshot by Marco Scandella.
10:26 of 3rd period - Shot Blocked by Jordan Eberle.
10:28 of 3rd period - Snap shot by Benoit Pouliot.
10:28 of 3rd period - Stopped by Ray Emery with a rebound.
10:30 of 3rd period - Snap shot by Marco Scandella.
10:30 of 3rd period - Stopped by Ray Emery without a rebound.
10:31 of 3rd period - Marcus Johansson wins face-off versus Travis Zajac in Blues zone.
10:32 of 3rd period - Snap shot by Nino Niederreiter.
10:32 of 3rd period - Shot Blocked by Ted Purcell.
11:17 of 3rd period - Minor Penalty to Tomas Kundratek for High sticking.
11:18 of 3rd period - Derek Roy wins face-off versus Sam Gagner in Jets zone.
13:17 of 3rd period - Penalty to Tomas Kundratek is over, Tomas Kundratek is back on ice.
14:25 of 3rd period - Cody Ceci is hit by Derek Roy and loses puck.
14:38 of 3rd period - Tyler Myers is hit by Jordan Eberle and loses puck.
15:22 of 3rd period - Wrist shot by Joe Colborne.
15:22 of 3rd period - Goal by Joe Colborne - Blues : 1 - Jets : 6.
15:23 of 3rd period - Nicklas Backstrom wins face-off versus Derek Roy in neutral zone.
15:23 of 3rd period - Nicklas Backstrom is hit by Marco Scandella.
15:39 of 3rd period - Bryce Lampman is hit by Corey Perry.
15:45 of 3rd period - Minor Penalty to Jordan Eberle for Holding.
15:46 of 3rd period - Corey Perry wins face-off versus Travis Zajac in Blues zone.
16:13 of 3rd period - Bryce Lampman is hit by Marco Scandella and loses puck.
16:22 of 3rd period - Slapshot by Mike Richards.
16:22 of 3rd period - Shot Misses the Net.
17:45 of 3rd period - Penalty to Jordan Eberle is over, Jordan Eberle is back on ice.
18:11 of 3rd period - Icing by Matt Cooke.
18:12 of 3rd period - Joe Colborne wins face-off versus Maxim Lapierre in Jets zone.
18:56 of 3rd period - Minor Penalty to Tyler Myers for Hooking.
18:57 of 3rd period - Corey Perry wins face-off versus Nicklas Backstrom in Jets zone.
19:03 of 3rd period - Nicklas Backstrom is hit by Corey Perry and loses puck.
19:14 of 3rd period - Wrist shot by Nicklas Backstrom.
19:14 of 3rd period - Goal by Nicklas Backstrom - Blues : 2 - Jets : 6.
19:15 of 3rd period - Nicklas Backstrom wins face-off versus Derek Roy in neutral zone.
19:24 of 3rd period - Snap shot by Nicklas Backstrom.
19:24 of 3rd period - Stopped by Jonathan Bernier with a rebound.
19:47 of 3rd period - Tyler Myers is hit by Bryce Lampman and loses puck.
Goals for this period are 1 for Blues vs 1 for Jets.
Shots for this period are 5 for Blues vs 9 for Jets.
Back to the Top